 Dungeon Crawl Stone Soup version bcrawl-1.38.1 (webtiles) character file.

Game seed: 3311870796978843715

143003 Alturiack the Chucker (level 5, 39/39 HPs)
             Began as a Merfolk Hunter on Apr 9, 2023.
             Got out of the dungeon alive.
             The game lasted 00:09:11 (2095 turns).

Alturiack the Chucker (Merfolk Hunter)              Turns: 2095, Time: 00:09:12

Health: 39/39      AC:  8    Str: 12    XL:     5   Next: 5%
Magic:  5/5        EV:  6    Int: 10    God:
Gold:   232        SH:  0    Dex: 16    Spells: 4/4 levels left

rFire    . . .     GDR:     28% a - +0 short sword
rCold    . . .     SeeInvis .   (no shield)
rNeg     . . .     Gourm    .   k - +0 chain mail
rPois    .         Faith    .   j - +0 hat
rElec    .         Spirit   .   (no cloak)
rCorr    .         Reflect  .   (no gloves)
MR       .....                  (no boots)
Stlth    ..........             (no amulet)
HPRegen  0.16/turn              (no ring)
MPRegen  0.09/turn              (no ring)

@: no status effects
A: change form in water, swift swim, stealthy swim
a: no special abilities


You escaped.
You were not hungry.

You visited 1 branch of the dungeon, and saw 2 of its levels.

You collected 232 gold pieces.

Inventory:

Hand Weapons
 a - a +0 short sword (weapon)
Missiles
 c - 107 javelins (quivered)
 d - 2 throwing nets {=f}
Armour
 b - a +0 leather armour
 j - a +0 hat (worn)
 k - a +0 chain mail (worn)
Scrolls
 f - a scroll of magic mapping {unknown}
 i - 2 scrolls of teleportation {unknown}
 l - a scroll of blinking {unknown}
 n - a scroll of enchant weapon {unknown}
Potions
 g - a potion of lignification {unknown}
 h - a potion of flight {unknown}
 m - 2 potions of curing {unknown}
 o - a potion of might {unknown}


   Skills:
 - Level 2.6 Fighting
 - Level 1.2 Short Blades
 * Level 5.3 Throwing
 - Level 0.4 Armour
 * Level 3.7 Dodging
 - Level 1.5 Stealth


You had 4 spell levels left.
You didn't know any spells.
Your spell library was empty.

Dungeon Overview and Level Annotations

Branches:
Dungeon (2/12)

Altars:


Message History

You see here a jackal corpse.
Found a stone staircase leading up.
There is a stone staircase leading up here.
There is a stone staircase leading up here.
You can't go down here!
You climb upwards.
There is a stone staircase leading down here.
Your legs become a tail as you enter the water.
There is a stone staircase leading down here.
You see here a +0 club.
There is a stone staircase leading down here.
Your legs become a tail as you enter the water.
You see here 148 arrows.
Your legs become a tail as you enter the water.
Your legs become a tail as you enter the water.
Your legs become a tail as you enter the water.
There is a staircase leading out of the dungeon here.
You can't go down here!
Are you sure you want to leave the Dungeon?
This will make you lose the game!
You have escaped!

##################
#≈≈≈≈≈≈≈≈≈≈≈≈≈≈≈≈#
#≈≈≈≈≈≈≈≈≈≈≈≈≈≈≈≈#
#≈≈.....≈≈≈≈≈≈≈≈≈#
#≈≈≈.≈.≈≈.≈≈≈≈≈≈≈#
#.......≈≈.≈≈≈≈≈≈#
##......≈≈≈≈≈≈≈≈≈#
#..(....≈≈≈≈≈≈≈≈#
##..8....@≈.≈≈≈≈≈#
#..........≈≈≈≈≈≈#
#............≈.≈≈# ###
##.....8.....≈≈≈≈≈#
###.###.............≈.≈≈#
......#......8......≈.≈≈#
###.#..........8....≈≈≈≈#
#.#........(.......≈≈≈#
#.#...........###.≈≈≈≈#


There were no monsters in sight!

Vanquished Creatures
  Jessica (D:2)
  A hound skeleton (D:2)
  Robin (D:2)
  4 leopard geckos (D:1)
  An orc (D:2)
  2 giant cockroaches (D:1)
  11 goblins
  11 hobgoblins
  6 jackals
  5 kobolds
  2 quokkas (D:2)
  6 bats
  5 frilled lizards
  4 rats
60 creatures vanquished.

Vanquished Creatures (others)
  5 toadstools (D:2)
5 creatures vanquished.

Grand Total: 65 creatures vanquished

Notes
Turn   | Place    | Note
-------+----------+-------------------------------------------
     0 | D:1      | Alturiack the Merfolk Hunter began the quest for the Orb.
     0 | D:1      | Reached XP level 1. HP: 16/16 MP: 1/1
   167 | D:1      | Reached XP level 2. HP: 22/22 MP: 2/2
   322 | D:1      | Reached XP level 3. HP: 27/27 MP: 3/3
  1173 | D:2      | Noticed Robin
  1174 | D:2      | Killed Robin
  1175 | D:2      | Reached skill level 5 in Throwing
  1178 | D:2      | Reached XP level 4. HP: 33/34 MP: 4/4
  1379 | D:2      | Noticed Jessica
  1382 | D:2      | Killed Jessica
  1383 | D:2      | Reached skill level 1 in Short Blades
  1800 | D:2      | Reached XP level 5. HP: 39/39 MP: 5/5
  2095 | D:$      | Got out of the dungeon alive.

Skill      XL: |  1  2  3  4 |
---------------+-------------+-----
Dodging        | 3 |  3.7
Throwing       | 5 |  5.3
Short Blades   | 1 |  1.2
Fighting       | |  2.6
Armour         | |  0.4
Stealth        | |  1.5

Action                   |  1- 3 |  4- 6 || total
-------------------------+-------+-------++-------
Melee: Short sword       |    53 |    83 ||   136
Throw: Javelin           |    55 |    18 ||    73
  Eat: Chunk             |     1 |     3 ||     4
       Ration            |     1 |     1 ||     2
Armor: Leather armour    |    15 |       ||    15
       Chain mail        |    15 |    68 ||    83
Dodge: Dodged            |    53 |    43 ||    96
